 Dungeon Crawl Stone Soup version 0.26.1-12-g5ba1501909 (webtiles) character file.

Game seed: 18248949909034298619

236 Zeld the Chucker (level 5, -4/52 HPs)
             Began as a Troll Hunter on Oct 28, 2021.
             Killed by divine providence
             ... invoked by an orc priest
              (11 damage)
             ... on level 3 of the Dungeon.
             The game lasted 00:04:15 (2672 turns).

Zeld the Chucker (Troll Hunter)                     Turns: 2672, Time: 00:04:18

Health: -4/52      AC:  7    Str: 21    XL:     5   Next: 77%
Magic:  4/4        EV: 10    Int:  7    God:
Gold:   123        SH:  0    Dex: 10    Spells: 4/4 levels left

rFire    . . .     SeeInvis .   a - +1 flail (holy)
rCold    . . .     Faith    .   (no shield)
rNeg     . . .     Spirit   .   b - +0 robe
rPois    .         Reflect  .   (helmet restricted)
rElec    .         Harm     .   j - +0 cloak
rCorr    .         Rampage  .   (gloves unavailable)
Will     .....                  (boots unavailable)
Stlth    +.........             (no amulet)
HPRegen  0.57/turn              (no ring)
MPRegen  0.09/turn              (no ring)

@: no status effects
A: large, unfitting armour, claws 3, regeneration 1, shaggy fur 1, tough skin 3
a: no special abilities


You were on level 3 of the Dungeon.
You visited 1 branch of the dungeon, and saw 3 of its levels.

You collected 123 gold pieces.

Inventory:

Hand Weapons
 a - a +1 flail of holy wrath (weapon)
Missiles
 c - 5 large rocks (quivered)
 d - 2 throwing nets
 l - 3 boomerangs
Armour
 b - a +0 robe (worn)
 j - a +0 cloak (worn)
Scrolls
 e - 2 scrolls of teleportation {unknown}
 g - 3 scrolls of fear {unknown}
 i - a scroll of remove curse {unknown}
 n - a scroll of identify {unknown}
Potions
 f - a potion of degeneration {unknown}
 h - a potion of mutation {unknown}
 k - a potion of berserk rage {unknown}
 m - a potion of haste
 o - 2 potions of heal wounds {unknown}


   Skills:
 * Level 2.9 Fighting
 + Level 0.1 Maces & Flails
 * Level 4.5 Throwing
 + Level 1.5 Armour
 + Level 2.4 Dodging
 + Level 1.3 Stealth


You had 4 spell levels left.
You didn't know any spells.
Your spell library contained the following spells:

 Spells                   Type           Power        Failure   Level
 Corona                   Hex            0%           43%         1
 Ensorcelled Hibernation  Hex/Ice        0%           56%         2
 Confusing Touch          Hex            0%           80%         3
 Dazzling Flash           Conj/Hex       0%           80%         3
 Tukima's Dance           Hex            0%           80%         3


Dungeon Overview and Level Annotations

Branches:
Dungeon (3/15)

Altars:
Elyvilon
Makhleb
Yredelemnul


Innate Abilities, Weirdness & Mutations

You are too large for most types of armour.
You have claws for hands.
Your natural rate of healing is unusually fast.
You are covered in fur. (AC +1)
You have extremely tough skin. (AC +3)


Message History

You hit the orc priest but do no damage.
The orc priest hits you but does no damage.
You closely miss the orc priest. The orc priest closely misses you.
The orc priest hits you with a +0 hand axe!
You hit the orc priest.
The orc priest is lightly wounded.
The orc priest mumbles some strange prayers to Beogh against you.
Beogh smites you!
You sock the orc priest!
The orc priest is severely wounded.
The orc priest hits you but does no damage.
You are too injured to fight recklessly!
You closely miss the orc priest.
The orc priest is severely wounded.
The orc priest mumbles some strange prayers to Beogh against you.
Beogh smites you!
* * * LOW HITPOINT WARNING * * *
The orc priest calls down the wrath of Beogh upon you.
Beogh smites you!
You die...

#........#
#.#.
#........#
#.#.
##'#.....#
#.#.
#.#.....#
#.#.
#.#######
#.## #.#
#.#. #.#
#####'##
#.#
#.......
#@#
#.......
#o#
#.......
#S#
#####'##
#'# #.##
... #.##
... #.##
... #.##
##'## ...#
..##


You could see an orc priest and an adder.

Vanquished Creatures
  2 orc priests
  Natasha (twice) (D:2)
  A gnoll (D:1)
  2 adders (D:2)
  3 worms (D:3)
  A dart slug (D:1)
  3 leopard geckos (D:2)
  8 orcs
  7 bats
  4 giant cockroaches
  6 hobgoblins
  4 jackals (D:1)
  7 kobolds
  2 frilled lizards
  8 goblins
  5 rats
65 creatures vanquished.

Vanquished Creatures (others)
  Natasha (D:2)
1 creature vanquished.

Grand Total: 66 creatures vanquished

Notes
Turn   | Place    | Note
-------+----------+-------------------------------------------
     0 | D:1      | Zeld the Troll Hunter began the quest for the Orb.
     0 | D:1      | Reached XP level 1. HP: 19/19 MP: 0/0
   329 | D:1      | Reached XP level 2. HP: 28/28 MP: 1/1
   614 | D:1      | Reached XP level 3. HP: 33/35 MP: 2/2
  1233 | D:2      | Noticed Natasha
  1338 | D:2      | Found a burning altar of Makhleb.
  1383 | D:2      | Found a white marble altar of Elyvilon.
  1447 | D:2      | Reached skill level 4 in Throwing
  1724 | D:2      | Killed Natasha
  1725 | D:2      | Reached XP level 4. HP: 26/42 MP: 3/3
  1761 | D:2      | Found a basalt altar of Yredelemnul.
  1790 | D:2      | Reached skill level 1 in Armour
  1790 | D:2      | Reached skill level 1 in Stealth
  1910 | D:2      | Noticed Natasha
  1920 | D:2      | Killed Natasha
  1921 | D:2      | Reached XP level 5. HP: 45/50 MP: 4/4
  1929 | D:2      | Noticed Natasha
  1942 | D:2      | Killed Natasha
  2672 | D:3      | Killed from afar by an orc priest

Illustrated notes

Levels and vault maps discovered:
D:1:      lemuel_arrival_cross, layout_basic
D:2:      layout_loops_ring, overflow_temple_1_default, elyvilon_altar_3,
          lemuel_statue_altar, uniq_natasha
D:3:      layout_basic, skrybe_limestone_x, uniq_crazy_yiuf_cottage

Skill      XL: |  1  2  3  4 |
---------------+-------------+-----
Fighting       | 2 |  2.9
Throwing       | 4 |  4.5
Dodging        | 2 |  2.4
Armour         | 1 |  1.5
Stealth        | 1 |  1.3
Maces & Flails | |  0.1

Action                   |  1- 3 |  4- 6 || total
-------------------------+-------+-------++-------
Melee: Unarmed           |   140 |    86 ||   226
       Flail             |       |    18 ||    18
Throw: Large rock        |       |     1 ||     1
 Stab: Sleeping          |     1 |     1 ||     2
Armor: Robe              |    78 |    39 ||   117
Dodge: Dodged            |    85 |    36 ||   121
